 Dungeon Crawl Stone Soup version 0.29-a0-845-g6161e89988 (webtiles) character file.

Game seed: 1618302441760928424

247 jlumianski the Magician (level 5, 0/37 HPs)
             Began as a Demonspawn Hedge Wizard on July 15, 2022.
             Succumbed to Sigmund's poison
             ... on level 2 of the Dungeon.
             The game lasted 00:13:46 (2462 turns).

jlumianski the Magician (Demonspawn Hedge Wizard)   Turns: 2462, Time: 00:13:47

Health: 0/37       AC:  4    Str: 11    XL:     5   Next: 85%
Magic:  9/11       EV: 12    Int: 17    God:
Gold:   132        SH:  0    Dex: 12    Spells: 3/12 levels left

rFire   . . .      SeeInvis .   j - +0 short sword
rCold   . . .      Faith    .   (no shield)
rNeg    . . .      Spirit   .   b - +0 robe
rPois   .          Reflect  .   c - +0 hat
rElec   .          Harm     .   (no cloak)
rCorr   .          Rampage  .   (no gloves)
Will    .....                   (no boots)
Stlth   ++........              (no amulet)
HPRegen 0.12/turn               h - ring of wizardry
MPRegen 0.12/turn               k - +4 ring of slaying

@: lethally poisoned (0 -> -9), on berserk cooldown, slowed, very slow
A: icy blue scales 1, demonic guardian 1, powered by death 1
a: no special abilities


You were on level 2 of the Dungeon.
You visited 1 branch of the dungeon, and saw 3 of its levels.

You collected 132 gold pieces.

Inventory:

Hand Weapons
 a - a +0 dagger
 j - a +0 short sword (weapon)
 l - a +0 arbalest
Missiles
 f - 11 stones
Armour
 b - a +0 robe (worn)
 c - a +0 hat (worn)
Jewellery
 h - a ring of wizardry (left hand)
 k - a +4 ring of slaying (right hand)
Scrolls
 g - a scroll of blinking
 m - a scroll of amnesia
Potions
 d - 3 potions of magic
 e - a potion of mutation
 i - a potion of degeneration


   Skills:
 + Level 1.1 Fighting
 + Level 1.3 Short Blades
 + Level 1.0 Ranged Weapons
 + Level 2.2 Dodging
 + Level 2.8 Stealth
 + Level 4.3 Spellcasting
 + Level 1.8 Conjurations
 + Level 0.2 Hexes
 + Level 1.8 Summonings
 + Level 1.0 Translocations


You had 3 spell levels left.
You knew the following spells:

 Your Spells              Type           Power      Damage    Failure   Level
a - Magic Dart            Conj           40%        1d5       2%          1
b - Slow                  Hex            16%        N/A       6%          1
c - Call Imp              Summ           10%        N/A       4%          2
d - Blink                 Tloc           14%        N/A       6%          2
e - Portal Projectile     Hex/Tloc       10%        N/A       14%         3

Your spell library contained the following spells:

 Spells                   Type           Power      Damage    Failure   Level
 Necrotise                Necr           12%        1d4       6%          1
 Ensorcelled Hibernation  Hex/Ice        8%         N/A       9%          2
 Passwall                 Tmut/Erth      2%         N/A       10%         2
 Conjure Flame            Conj/Fire      6%         6-21      12%         3
 Mephitic Cloud           Conj/Pois/Air  5%         N/A       14%         3
 Tukima's Dance           Hex            4%         N/A       16%         3
 Swiftness                Air            3%         N/A       19%         3
 Vampiric Draining        Necr           3%         2d6       19%         3
 Agony                    Necr           3%         N/A       83%         5
 Blade Hands              Tmut           1%         N/A       83%         5


Dungeon Overview and Level Annotations

Branches:
Dungeon (3/15)

Altars:

Shops:
D:1 :


Innate Abilities, Weirdness & Mutations

You are partially covered in icy blue scales. (AC +2)
A weak demonic guardian rushes to your aid.
You regenerate a little health from kills.


Message History

You feel very sick.
Sigmund points at you and mumbles some strange words.
The magic dart hits you.
You puncture Sigmund!
Sigmund is severely wounded.
You feel very sick.
Your quasit bites Sigmund but does no damage.
Your quasit misses Sigmund.
Your quasit claws Sigmund but does no damage.
Sigmund hits you with a +1 scythe of venom!
You are lethally poisoned!
Your quasit barely misses Sigmund. x2
Your quasit claws Sigmund but does no damage.
You puncture Sigmund!
You kill Sigmund!
You feel very sick.
Your Fighting skill increases to level 1!
Your Short Blades skill increases to level 1!
Your Spellcasting skill increases to level 4!
Your Translocations skill increases to level 1!
You have reached level 5!
You puncture the worm!
The worm is severely wounded.
* * * LOW HITPOINT WARNING * * *
You feel very sick.
You puncture the worm!
You kill the worm!
You feel very sick.
Your Ranged Weapons skill increases to level 1!
You feel very sick.
You feel a strong urge to attack something.
You are no longer berserk.
You are exhausted.
You feel yourself slow down.
* * * LOW HITPOINT WARNING * * *
You feel very sick.
* * * LOW HITPOINT WARNING * * *
You feel very sick.
Okay, then.
You die...

.>...........w......
.... ###.............###
#.## #.......###.#.#
#.## #..###.## .# # #.##
#..# #.# .# #.## #..#
#†####.# #.###... #..#
#......# #.......
#..###..5...# ###.###.##
#......@....# .........#
#.####......#.# #.#.....
#.# #......#.# #.......
#.####.#......###.......
#.#....#.....)†.........
#...####.......####.....
###.............##.....#
####..............)...
#..........##....##


You could see a friendly quasit (summoned).

Vanquished Creatures
  Sigmund (D:2)
  2 gnolls (D:2)
  An adder (D:2)
  A worm (D:2)
  8 endoplasms
  A giant cockroach (D:1)
  3 goblins
  4 jackals (D:1)
  6 kobolds
  2 quokkas
  10 ball pythons
  3 frilled lizards
  2 rats (D:1)
44 creatures vanquished.

Vanquished Creatures (collateral kills)
  A gnoll (D:2)
  A dart slug (D:2)
  A goblin (D:2)
3 creatures vanquished.

Grand Total: 47 creatures vanquished

Notes
Turn   | Place    | Note
-------+----------+-------------------------------------------
     0 | D:1      | jlumianski the Demonspawn Hedge Wizard began the quest for
                  | the Orb.
     0 | D:1      | Reached XP level 1. HP: 13/13 MP: 4/4
   287 | D:1      | Found Vuob's Book Shoppe.
   338 | D:1      | Learned a level 1 spell: Slow
   628 | D:1      | Gained mutation: You regenerate a little health from kills.
                  | [demonic ancestry]
   628 | D:1      | Reached XP level 2. HP: 19/19 MP: 4/6
   757 | D:1      | Found a faded altar of an unknown god.
  1181 | D:1      | Gained mutation: A weak demonic guardian rushes to your
                  | aid. [demonic ancestry]
  1181 | D:1      | Reached XP level 3. HP: 13/24 MP: 5/8
  1598 | D:2      | Learned a level 2 spell: Call Imp
  1601 | D:2      | Learned a level 2 spell: Blink
  1722 | D:2      | Noticed Sigmund
  1968 | D:2      | Gained mutation: You are partially covered in icy blue
                  | scales. (AC +2) [demonic ancestry]
  1968 | D:2      | Reached XP level 4. HP: 11/30 MP: 3/9
  2278 | D:2      | Learned a level 3 spell: Portal Projectile
  2456 | D:2      | Killed Sigmund
  2457 | D:2      | Reached skill level 1 in Fighting
  2457 | D:2      | Reached skill level 1 in Short Blades
  2457 | D:2      | Reached skill level 4 in Spellcasting
  2457 | D:2      | Reached skill level 1 in Translocations
  2457 | D:2      | Reached XP level 5. HP: 18/37 MP: 9/11
  2459 | D:2      | Reached skill level 1 in Ranged Weapons
  2462 | D:2      | Succumbed to Sigmund's poison

Illustrated notes

Levels and vault maps discovered:
D:1:      eino_arrival_tree_alley, layout_basic, serial_shops, shop,
          hellmonk_ecumenical_altar_prayer_group, minmay_unequal
D:2:      layout_loops_ring, minmay_three_crescents, uniq_sigmund
D:3:      layout_basic, mainiacjoe_overflow_swirl, uniq_ijyb

Skill      XL: |  1  2  3  4  5 |
---------------+----------------+-----
Stealth        | 2 |  2.8
Dodging        | 2 |  2.2
Fighting       | 1 |  1.1
Short Blades   | 1 |  1.3
Spellcasting   | 4 |  4.3
Translocations | 1 |  1.0
Ranged Weapons | 1 |  1.0
Conjurations   | |  1.8
Hexes          | |  0.2
Summonings     | |  1.8

Action                   |  1- 3 |  4- 6 || total
-------------------------+-------+-------++-------
Melee: Dagger            |    40 |       ||    40
       Punch             |     2 |       ||     2
       Short sword       |       |     5 ||     5
 Fire: Arbalest          |       |     7 ||     7
 Cast: Magic Dart        |    56 |     4 ||    60
       Slow              |     1 |       ||     1
       Call Imp          |     6 |     2 ||     8
       Portal Projectile |       |     2 ||     2
  Use: Scroll            |     5 |       ||     5
       Potion            |       |     1 ||     1
 Stab: Sleeping          |     2 |       ||     2
Armor: Robe              |     8 |     2 ||    10
Dodge: Dodged            |    21 |     1 ||    22

Table legend: (Time is in decaauts)
 A = Elapsed time spent in this place.
 B = Non-inter-level travel time spent in this place.
 C = Inter-level travel time spent in this place.
 D = Time resting spent in this place.
 E = Time spent auto-exploring this place.
 F = Levels seen in this place.
 G = Mean time per level.
                   A        B        C        D        E       F      G
               +--------+--------+--------+--------+--------+-----+--------+
         Total |   2465 |   2431 |     34 |    249 |   1540 |   3 |  821.7 |
       Dungeon |   2465 |   2431 |     34 |    249 |   1540 |   3 |  821.7 |
               +--------+--------+--------+--------+--------+-----+--------+

Top non-repeatable levels by time:
     D:1: 1558 daAuts
     D:2: 843 daAuts
     D:3: 63 daAuts
